 Dungeon Sprint DCSS version 0.27.1-2-g3b301248ec (webtiles) character file.

Game seed: 11606511381670607309

10 boopmooplesden the Skirmisher (level 2, 0/28 HPs)
             Began as a Minotaur Fighter on Sept 23, 2021.
             Succumbed to a water moccasin's poison
             ... in the Dungeon (Sprint II: "The Violet Keep of Menkaure").
             The game lasted 00:00:35 (35 turns).

boopmooplesden the Skirmisher (Minotaur Fighter)      Turns: 35, Time: 00:00:36

Health: 0/28       AC:  7    Str: 20    XL:     2   Next: 10%
Magic:  1/1        EV:  7    Int:  5    God:
Gold:   243        SH:  9    Dex:  9    Spells: 1/1 levels left

rFire    . . .     SeeInvis .   a - +0 war axe
rCold    . . .     Faith    .   c - +0 kite shield
rNeg     . . .     Spirit   .   b - +0 scale mail
rPois    .         Reflect  .   (helmet restricted)
rElec    .         Harm     .   (no cloak)
rCorr    .         Rampage  .   (no gloves)
Will     .....     NoTele   +   (no boots)
Stlth    ..........             (no amulet)
HPRegen  0.09/turn              (no ring)
MPRegen  0.07/turn              (no ring)

@: lethally poisoned (0 -> -2)
A: horns 2, retaliatory headbutt
a: no special abilities


You were in the Dungeon.
You visited 1 branch You collected 243 gold pieces.

Inventory:

Hand Weapons
 a - a +0 war axe (weapon)
Armour
 b - a +0 scale mail (worn)
 c - a +0 kite shield (worn)
Scrolls
 j - a scroll of blinking
Potions
 d - a potion of might
 f - a potion of heal wounds
 g - a potion of haste
 h - 2 potions of magic
 i - a potion of berserk rage


   Skills:
 + Level 4.6 Fighting
 + Level 3.0 Axes
 + Level 4.5 Armour
 + Level 4.5 Shields


You had one spell level left.
You didn't know any spells.
Your spell library was empty.

Dungeon Overview and Level Annotations

Branches:
Dungeon (1/1)

Altars:


Innate Abilities, Weirdness & Mutations

You have a pair of horns on your head.
You reflexively headbutt those who attack you in melee.


Message History

* * * LOW HITPOINT WARNING * * *
You are more poisoned.
The water moccasin poisons you!
The water moccasin bites you but does no damage.
You feel better. The water moccasin bites you.
You are lethally poisoned!
The water moccasin poisons you!
You barely miss the water moccasin.
The water moccasin is lightly wounded.
You feel very sick.
The water moccasin bites you but does no damage.
You block the water moccasin's attack.
Okay, then.
You closely miss the water moccasin. You headbutt the water moccasin!
The water moccasin is moderately wounded.
* * * LOW HITPOINT WARNING * * *
You feel very sick. The water moccasin barely misses you.
You block the water moccasin's attack.
You miss the water moccasin.
The water moccasin is moderately wounded.
* * * LOW HITPOINT WARNING * * *
You feel sick.
The water moccasin bites you but does no damage.
The water moccasin barely misses you. You furiously retaliate!
You headbutt the water moccasin, but do no damage.
You block the water moccasin's attack.
You closely miss the water moccasin.
Your headbutt misses the water moccasin.
The water moccasin is moderately wounded.
* * * LOW HITPOINT WARNING * * *
You feel sick.
The water moccasin bites you but does no damage.
You block the water moccasin's attack.
You hit the water moccasin.
The water moccasin is heavily wounded.
* * * LOW HITPOINT WARNING * * *
You feel sick.
You block the water moccasin's attack. x2
You barely miss the water moccasin.
The water moccasin is heavily wounded.
You die...

##§§§≈§≈≈##
§§§§≈≈§≈≈
§≈≈§≈§; §≈;§≈
;;;
#≈≈#+++#+++##
≈≈≈.........#
≈≈≈≈.##S##..#
≈≈≈ ##@#.# #
≈ #..##.#
##..### ##†#
##.## +.<.+
##.## #+#


You could see a water moccasin and 3 electric eels.

Vanquished Creatures
  3 worms (D)
3 creatures vanquished.

Vanquished Creatures (others)
  A water moccasin (D)
1 creature vanquished.

Grand Total: 4 creatures vanquished

Notes
Turn   | Place    | Note
-------+----------+-------------------------------------------
     0 | D        | boopmooplesden the Minotaur Fighter began the quest for the
                  | Orb.
     0 | D        | Reached XP level 1. HP: 19/19 MP: 0/0
    17 | D        | Noticed an electric eel
    17 | D        | Noticed an electric eel
    17 | D        | Noticed an electric eel
    17 | D        | Noticed an electric eel
    18 | D        | Noticed an electric eel
    23 | D        | Reached XP level 2. HP: 22/28 MP: 1/1
    23 | D        | Noticed an electric eel
    23 | D        | Noticed an electric eel
    23 | D        | Noticed a water moccasin
    27 | D        | Killed a water moccasin
    34 | D        | HP: 1/28 [poisoned by a water moccasin]
    35 | D        | Succumbed to a water moccasin's poison

Illustrated notes

Levels and vault maps discovered:
D:        the_violet_keep_of_menkaure [sprint2_stairs_cluster_1,
          sprint2_shoproom, sprint2_temple, sprint2_basic_supplies,
          sprint2_obstacle_5, sprint2_obstacle_6, sprint2_obstacle_7,
          sprint2_obstacle_1, sprint2_obstacle_3, sprint2_timed_cluster_1,
          sprint2_smallroom_cluster_1, sprint2_smallroom_final_cluster_1,
          sprint2_transparent_cluster_1, sprint2_second_timed_cluster_1,
          sprint2_sniper_area_1, sprint2_heavy_combat_area_1,
          sprint2_mutation_trap_area_1, sprint2_forest_area_1,
          sprint2_light_combat_area_1, sprint2_behind_water_1,
          sprint2_near_end_vault_1]

Skill      XL: |  1 |
---------------+----+-----
Fighting       | 4 |  4.6
Armour         | 4 |  4.5
Shields        | 4 |  4.5
Axes           | 3 |  3.0

Action                   || total
-------------------------++-------
Melee: War axe           ||    19
       Headbutt          ||     4
  Use: Potion            ||     1
Armor: Scale mail        ||     5
Dodge: Dodged            ||     5
Block: Kite shield       ||     9
